 Dungeon Crawl Stone Soup version 0.20.1-1-g8b1a95d (webtiles) character file.

122 Jukra the Skirmisher (level 4, -4/36 HPs)
             Began as a Demonspawn Abyssal Knight on Aug 29, 2017.
             Was a Believer of Lugonu.
             Slain by a bullfrog (7 damage)
             ... on level 3 of the Dungeon.
             The game lasted 00:08:21 (2915 turns).

Jukra the Skirmisher (Demonspawn Abyssal Knight)    Turns: 2915, Time: 00:08:22

Health: -4/36      AC:  3    Str: 13    XL:     4   Next: 78%
Magic:  5/5        EV: 12    Int: 14    God:    Lugonu [**....]
Gold:   149        SH:  0    Dex: 12    Spells: 3/3 levels left

rFire    + . .     SeeInvis .   j - +3 mace
rCold    . . .     Gourm    .   (no shield)
rNeg     . . .     Faith    .   h - +0 leather armour
rPois    .         Spirit   .   (no helmet)
rElec    .         Reflect  .   (no cloak)
rCorr    .         Harm     .   (no gloves)
MR       +....     Clarity  +   (no boots)
Stlth    +.........             (no amulet)
Regen    0.2/turn               (no ring)
MPRegen  0.1/turn               (no ring)

@: no status effects
A: claws 1, blurry vision 1, clarity, fire resistance 1, magic resistance 1,
sturdy frame 1
a: Depart the Abyss, Bend Space, Renounce Religion


You were on level 3 of the Dungeon.
You worshipped Lugonu.
Lugonu was pleased with you.
You were not hungry.

You visited 1 branch of the dungeon, and saw 3 of its levels.
You visited the Abyss 1 time.

You collected 149 gold pieces.

Inventory:

Hand Weapons
 a - a +1 falchion
 j - a +3 mace (weapon)
 k - a +0 mace
 l - a +0 trident
 o - a +0 war axe
 q - a +0 trident
Armour
 b - a +0 leather armour
 e - a +0 leather armour
 h - a +0 leather armour (worn)
Scrolls
 f - 3 scrolls of teleportation
 i - 2 scrolls of enchant armour {unknown}
 m - 2 scrolls of identify
 n - a scroll of fear
 r - a scroll of random uselessness {unknown}
Potions
 p - a potion of flight {unknown}
Comestibles
 c - a bread ration
 d - 3 royal jellies
 g - a meat ration


   Skills:
 + Level 3.6 Fighting
 + Level 2.0 Long Blades
 + Level 2.1 Maces & Flails
 + Level 2.6 Armour
 + Level 1.6 Dodging
 + Level 0.2 Stealth
 + Level 2.6 Invocations


You had 3 spell levels left.
You didn't know any spells.

Dungeon Overview and Level Annotations

Branches:
Dungeon (3/15)

Altars:


Innate Abilities, Weirdness & Mutations

You have sharp fingernails.
Your flesh is heat resistant. (rF+)
Your movements are slightly less encumbered by armour. (ER -2)
Scrolls take you a little longer to read.
You possess an exceptional clarity of mind.
You are resistant to hostile enchantments. (MR+)


Message History

You closely miss the bullfrog.
The bullfrog is moderately wounded.
The bullfrog hits you. x2
You hit the bullfrog.
The bullfrog is heavily wounded.
The bullfrog hits you.
The bullfrog hits you but does no damage.
You closely miss the bullfrog.
The bullfrog is heavily wounded.
The bullfrog misses you. The bullfrog hits you.
You hit the bullfrog.
The bullfrog is almost dead.
The bullfrog barely misses you. The bullfrog hits you.
* * * LOW HITPOINT WARNING * * *
You completely miss the bullfrog.
The bullfrog is almost dead.
The bullfrog hits you.
* * * LOW HITPOINT WARNING * * *
The bullfrog hits you!
You die...

.. #.# #$ #.#
####.## ##.# ....^#
##..#
#.###.#.#######.#.##
..........>....###.#
.####..#######.#.##
#..# #..# #.@# #..#
#.F# ###..# ....#
##....# #... ###.##
##.....## .#... #.
#.......# .###
.#..## #. #.......#
...# .... ..
#.<.....# #..# #..#
###########)..>.##
#..# #..#
#..........#...##


You could see a bullfrog.

Vanquished Creatures
  4 adders
  An ooze (D:2)
  3 worms (D:2)
  A leopard gecko (D:1)
  2 orcs (D:3)
  2 ball pythons
  5 giant cockroaches
  10 hobgoblins
  3 jackals (D:1)
  7 kobolds
  2 quokkas (D:3)
  8 bats
  6 frilled lizards
  8 goblins
  9 rats
71 creatures vanquished.

Vanquished Creatures (others)
  4 starspawn tentacles (Abyss:1)
4 creatures vanquished.

Grand Total: 75 creatures vanquished

Notes
Turn   | Place    | Note
-------+----------+-------------------------------------------
     0 | Abyss:1  | Jukra the Demonspawn Abyssal Knight began the quest for the Orb.
     0 | Abyss:1  | Reached XP level 1. HP: 18/18 MP: 2/2
    16 | Abyss:1  | Found a corrupted altar of Lugonu.
    68 | Abyss:1  | Noticed a rust devil
   113 | Abyss:1  | Noticed a tentacled starspawn
   147 | D:1      | Escaped the Abyss
   613 | D:1      | Gained mutation: Your movements are slightly less encumbered by armour. (ER -2) [demonic ancestry]
   613 | D:1      | Reached XP level 2. HP: 17/24 MP: 3/3
   819 | D:1      | Reached * piety under Lugonu
   988 | D:1      | Reached skill level 1 in Dodging
  1396 | D:1      | Gained mutation: You have sharp fingernails. [demonic ancestry]
  1396 | D:1      | Reached XP level 3. HP: 18/29 MP: 4/4
  1401 | D:1      | Reached skill level 1 in Maces & Flails
  1766 | D:2      | Gained mutation: You are resistant to hostile enchantments. (MR+) [potion of mutation]
  1766 | D:2      | Gained mutation: Scrolls take you a little longer to read. [potion of mutation]
  1766 | D:2      | Gained mutation: You possess an exceptional clarity of mind. [potion of mutation]
  1843 | D:2      | Reached ** piety under Lugonu
  1869 | D:2      | Gained mutation: Your flesh is heat resistant. (rF+) [demonic ancestry]
  1869 | D:2      | Reached XP level 4. HP: 30/35 MP: 5/5
  2907 | D:3      | Noticed a bullfrog
  2915 | D:3      | Slain by a bullfrog

Skill      XL: |  1  2  3  4 |
---------------+-------------+-----
Long Blades    | 2 |  2.0
Dodging        | 1 |  1.6
Armour         | 2 |  2.6
Maces & Flails | 1 2 |  2.1
Fighting       | |  3.6
Stealth        | |  0.2
Invocations    | |  2.6

Action                   |  1- 3 |  4- 6 || total
-------------------------+-------+-------++-------
Melee: Mace              |   107 |    88 ||   195
Invok: Depart the Abyss  |     1 |       ||     1
  Use: Potion            |     6 |       ||     6
       Scroll            |     3 |       ||     3
  Eat: Chunk             |     2 |       ||     2
       Bread ration      |     1 |       ||     1
Armor: Leather armour    |    35 |    20 ||    55
Dodge: Dodged            |    79 |    55 ||   134
